 Dungeon Crawl Stone Soup version 0.29.0-4-gdea44cf6ec (webtiles) character file.

Game seed: 2695156681534789028

36 qw the Chopper (level 3, 0/21 HPs)
             Began as a Tengu Warper on Aug 28, 2022.
             Succumbed to their own poison gas
             ... on level 1 of the Dungeon.
             The game lasted 00:00:05 (869 turns).

qw the Chopper (Tengu Warper)                        Turns: 869, Time: 00:00:06

Health: 0/21       AC:  8    Str: 13    XL:     3   Next: 37%
Magic:  7/7        EV:  6    Int: 13    God:
Gold:   48         SH:  0    Dex: 13    Spells: 6/6 levels left

rFire   . . .      SeeInvis .   Y - +0 hand axe (freeze)
rCold   . . .      Faith    .   (no shield)
rNeg    . . .      Spirit   .   h - +0 chain mail
rPois   .          Reflect  .   (helmet restricted)
rElec   .          Harm     .   (no cloak)
rCorr   .          Rampage  .   (no gloves)
Will    .....                   (boots unavailable)
Stlth   ..........              (no amulet)
HPRegen 0.07/turn               (no ring)
MPRegen 0.10/turn               (no ring)

@: lethally poisoned (0 -> -6)
A: beak, talons 3
a: no special abilities


You were on level 1 of the Dungeon.
You visited 1 branch of the dungeon, and saw 1 of its levels.

You collected 48 gold pieces.


Innate Abilities, Weirdness & Mutations

You have a beak for a mouth.
You have claws for feet.


   Skills:
 - Level 2.0 Fighting
 + Level 4.1 Axes
 - Level 1.0 Throwing
 - Level 1.1 Armour
 - Level 2.1 Dodging
 - Level 2.0 Spellcasting
 - Level 2.4 Translocations


You had 6 spell levels left.
You didn't know any spells.
Your spell library contained the following spells:

 Spells                   Type           Power      Damage    Failure   Level
 Blink                    Tloc           14%        N/A       99%         2
 Gell's Gravitas          Tloc           7%         N/A       100%        3
 Lesser Beckoning         Tloc           7%         N/A       100%        3
 Teleport Other           Tloc           7%         N/A       100%        3
 Manifold Assault         Tloc           7%         N/A       100%        5

Inventory:

Hand Weapons
 d - a +0 whip
 Y - a +0 hand axe of freezing (weapon)
Missiles
 j - 6 javelins (quivered)
Armour
 h - a +0 chain mail (worn)
Jewellery
 i - a ring of ice
Potions
 k - a potion of might {unknown}

Dungeon Overview and Level Annotations

Branches:
Dungeon (1/15)

Altars:

Shops:
D:1 [


Message History

860 ||| READING scroll labelled MESUTTUPRA.
The air fills with toxic fumes!
As you read the scroll labelled MESUTTUPRA, it crumbles to dust.
It was a scroll of poison.
Done exploring.
861 ||| READING scroll labelled VUF GIQIUT.
As you read the scroll labelled VUF GIQIUT, it crumbles to dust.
It is a scroll of brand weapon.
Your +0 hand axe is covered with a thin layer of ice!
Y - a +0 hand axe of freezing (weapon)
Done exploring.
862 ||| READING scroll labelled TEDOMUPLUN.
As you read the scroll labelled TEDOMUPLUN, it crumbles to dust.
You hear a loud clanging noise!
It was a scroll of noise.
Done exploring.
863 ||| DROPPING scroll of blinking.
You drop a scroll of blinking.
Done exploring.
(D) Dungeon
Where to? (* - list waypoints, ? - help)
What level of the Dungeon? (default 1, ? - help) Sorry, I don't know how to get there.
Done exploring.
864 ||| Stepping randomly (stuck).
Really walk into that cloud of poison gas?
You are engulfed in poison gas.
You are lethally poisoned!
You feel very sick.
865 ||| Stepping ~*~*~tactically~*~*~ (cloud).
You feel very sick.
Things that are here:
a scroll of blinking; a +0 leather armour
There is a lethal amount of poison in your body!
You feel very sick.
There is a lethal amount of poison in your body!
You feel sick.
There is a lethal amount of poison in your body!
You feel sick.
There is a lethal amount of poison in your body!
You die...

##...# ###.# #.#
######## #.# #0¤0000#
#.# #¤0¤000# #.#
#¤¤¤¤0¤#######.######
#¤¤¤0¤¤¤¤¤...........
#00¤@¤¤##............
#¤00¤¤¤#########....%
#¤¤0¤0¤# ######
######## ### ##..
######...
###########.......#
#.................#
##############.....


There were no monsters in sight!

Vanquished Creatures
  3 dart slugs (D:1)
  3 bats (D:1)
  5 endoplasms (D:1)
  3 giant cockroaches (D:1)
  A hobgoblin (D:1)
  3 ball pythons (D:1)
  A frilled lizard (D:1)
  4 goblins (D:1)
  A kobold (D:1)
  4 rats (D:1)
28 creatures vanquished.

Notes
Turn   | Place    | Note
-------+----------+-------------------------------------------
     0 | D:1      | qw the Tengu Warper began the quest for the Orb.
     0 | D:1      | Reached XP level 1. HP: 12/12 MP: 4/4
     0 | D:1      | 0 ||| qw: Version: 0.1-a-89-g26bdef1
     0 | D:1      | 0 ||| qw: Game counter: 1149
     0 | D:1      | 0 ||| qw: Always use a shield: true
     0 | D:1      | 0 ||| qw: God list: Okawaru
     0 | D:1      | 0 ||| qw: Allow faded altars: false
     0 | D:1      | 0 ||| qw: Do Orc after D:15 true
     0 | D:1      | 0 ||| qw: Do second Lair branch before Depths: true
     0 | D:1      | 0 ||| qw: Lair rune preference: random
     0 | D:1      | 0 ||| qw: Plans: Normal
     0 | D:1      | 0 ||| PLANNING D:1-11
    78 | D:1      | Found Ynoshauty's Armour Emporium.
    90 | D:1      | 90 ||| SHOPLISTING +0 chain mail (49 gold, have 13).
    90 | D:1      | 90 ||| SHOPLISTING +0 plate armour (253 gold, have 13).
    90 | D:1      | 90 ||| SHOPLISTING +0 ring mail (44 gold, have 13).
    90 | D:1      | 90 ||| SHOPLISTING +0 scale mail (44 gold, have 13).
    90 | D:1      | 90 ||| SHOPLISTING +10 plate armour of ponderousness (550
                  | gold, have 13).
    94 | D:1      | 94 ||| Stepping ~*~*~tactically~*~*~ (hiding).
   107 | D:1      | Reached skill level 3 in Axes
   107 | D:1      | Reached XP level 2. HP: 17/17 MP: 6/6
   225 | D:1      | 225 ||| Stepping ~*~*~tactically~*~*~ (stealth).
   397 | D:1      | Reached XP level 3. HP: 21/21 MP: 7/7
   409 | D:1      | Reached skill level 4 in Axes
   848 | D:1      | 848 ||| UPGRADING to +0 chain mail.
   858 | D:1      | 858 ||| DROPPING +0 leather armour.
   859 | D:1      | 859 ||| READING scroll labelled DIDOOP NEUD.
   860 | D:1      | 860 ||| READING scroll labelled MESUTTUPRA.
   861 | D:1      | 861 ||| READING scroll labelled VUF GIQIUT.
   862 | D:1      | 862 ||| READING scroll labelled TEDOMUPLUN.
   863 | D:1      | 863 ||| DROPPING scroll of blinking.
   864 | D:1      | 864 ||| Stepping randomly (stuck).
   865 | D:1      | 865 ||| Stepping ~*~*~tactically~*~*~ (cloud).
   867 | D:1      | HP: 4/21 [poisoned by you (poison gas)]
   869 | D:1      | Succumbed to their own poison gas

Levels and vault maps discovered:
D:1:      ncdulo_lavacross, layout_rooms, serial_shops, shop

Skill      XL: |  1  2  3 |
---------------+----------+-----
Axes           | 3 4 |  4.1
Fighting       | |  2.0
Throwing       | |  1.0
Armour         | |  1.1
Dodging        | |  2.1
Spellcasting   | |  2.0
Translocations | |  2.4

Action                   || total
-------------------------++-------
Melee: Hand axe          ||    48
       Kick              ||     9
       Peck              ||     5
Throw: Boomerang         ||     7
       Javelin           ||     4
  Use: Scroll            ||     4
Armor: Leather armour    ||     8
Dodge: Dodged            ||    29

Table legend:
 A = Non-vault XP
 B = Vault XP
 C = Vault XP percentage of total XP
 D = Non-vault monster count
 E = Vault monster count
 F = Vault count percentage of total count
                 A         B        C        D         E       F
            +---------+---------+-------+---------+---------+-------
      Total |      52 |       0 |   0.0 |      28 |       0 |   0.0
            +---------+---------+-------+---------+---------+-------
        D:1 |      52 |       0 |   0.0 |      28 |       0 |   0.0
            +---------+---------+-------+---------+---------+-------
